 Dungeon Crawl Stone Soup version 0.29.1-15-g9cfb28693d (webtiles) character file.

Game seed: 12519181797578151931

12176 EarthwalkerPL the Protected (level 11, -3/104 HPs)
             Began as a Minotaur Fighter on Mar 11, 2023.
             Was a High Priest of Okawaru.
             Slain by an orc warrior
             ... wielding a +0 war axe
             ... led by an orc high priest
              (9 damage)
             ... on level 10 of the Dungeon.
             The game lasted 00:16:34 (13059 turns).

EarthwalkerPL the Protected (Minotaur Fighter)     Turns: 13059, Time: 00:16:34

Health: -3/104     AC: 20    Str: 26    XL:     11   Next: 59%
Magic:  10/10      EV: 10    Int:  5    God:    Okawaru [*****.]
Gold:   748        SH:  6    Dex: 15    Spells: 10/10 levels left

rFire   . . .      SeeInvis .   a - +0 war axe
rCold   . . .      Faith    .   c - +0 buckler
rNeg    . . .      Spirit   .   r - +0 plate armour
rPois   +          Reflect  .   (helmet restricted)
rElec   .          Harm     .   q - +0 cloak {Will+}
rCorr   .          Rampage  .   U - +1 pair of gloves
Will    +....                   (no boots)
Stlth   ..........              (no amulet)
HPRegen 0.27/turn               n - ring of poison resistance
MPRegen 0.12/turn               t - +6 ring of dexterity

@: studying Armour
A: horns 2, retaliatory headbutt
a: Renounce Religion, Heroism, Finesse, Duel


You were on level 10 of the Dungeon.
You worshipped Okawaru.
Okawaru was extremely pleased with you.
You visited 3 branches of the dungeon, and saw 12 of its levels.
You also visited: Sewer.

You collected 748 gold pieces.

Inventory:

Hand Weapons
 a - a +0 war axe (weapon)
 N - a +2 hand axe of flaming
Missiles
 G - 3 curare-tipped darts (quivered)
 H - 6 boomerangs
 K - 2 boomerangs of dispersal
 P - 2 throwing nets
 S - 8 poisoned darts
Armour
 c - a +0 buckler (worn)
 q - a +0 cloak of willpower (worn)
 r - a +0 plate armour (worn)
 U - a +1 pair of gloves (worn)
Jewellery
 n - a ring of poison resistance (left hand)
 t - a +6 ring of dexterity (right hand)
 w - a +4 ring of slaying
 z - a +6 ring of intelligence
 J - a ring of protection from cold
Wands
 o - a wand of polymorph (8)
 u - a wand of charming (11)
 O - a wand of digging (5)
 Q - a wand of flame (19)
 R - a wand of mindburst (16)
Scrolls
 b - a scroll of silence
 f - a scroll of butterflies
 k - a scroll of fear
 l - 4 scrolls of blinking
 s - a scroll of enchant weapon
 x - 3 scrolls of magic mapping
 y - 3 scrolls of brand weapon
 A - 3 scrolls of vulnerability
 B - 5 scrolls of teleportation
 I - 2 scrolls of summoning {unknown}
 M - 2 scrolls of enchant armour {unknown}
Potions
 d - 3 potions of might
 e - 5 potions of ambrosia {unknown}
 g - a potion of berserk rage {unknown}
 h - 6 potions of curing
 i - a potion of mutation {unknown}
 j - 3 potions of brilliance {unknown}
 m - 2 potions of magic {unknown}
 p - 4 potions of degeneration {unknown}
 v - 2 potions of attraction {unknown}
 C - 3 potions of invisibility {unknown}
 D - a potion of flight {unknown}
 E - a potion of haste {unknown}
 F - 3 potions of lignification {unknown}
 L - a potion of heal wounds {unknown}
 T - a potion of resistance


   Skills:
 * Level 11.8 Fighting
 * Level 11.5 Axes
 * Level 13.5 Armour
 + Level 7.0 Dodging
 + Level 8.8 Shields


You had 10 spell levels left.
You didn't know any spells.
Your spell library contained the following spells:

 Spells                   Type           Power      Damage    Failure   Level
 Magic Dart               Conj           0%         1d3       99%         1
 Sandblast                Erth           0%         2d4       99%         1
 Shock                    Conj/Air       0%         1d3       99%         1
 Passwall                 Tmut/Erth      0%         N/A       100%        2
 Static Discharge         Conj/Air       0%         3-3/arc   100%        2
 Mephitic Cloud           Conj/Pois/Air  0%         N/A       100%        3
 Stone Arrow              Conj/Erth      0%         3d7       100%        3
 Swiftness                Air            0%         N/A       100%        3
 Airstrike                Air            0%         2d(0-16)  100%        4
 Fireball                 Conj/Fire      0%         3d3       100%        5
 Iskenderun's Battlesphe  Conj           0%         2d6       100%        5
 Lightning Bolt           Conj/Air       0%         1d11      100%        5
 Conjure Ball Lightning   Conj/Air       0%         3x3d6     100%        6
 Orb of Destruction       Conj           0%         9d5       100%        7
 Lehudib's Crystal Spear  Conj/Erth      0%         10d2      100%        8
 Maxwell's Capacitive Co  Air            0%         ∞         100%        8
 Call Imp                 Summ           Unusable   N/A       N/A         2
 Animate Armour           Summ/Erth      Unusable   N/A       N/A         4

Dungeon Overview and Level Annotations

Branches:
Dungeon (10/15)            Temple (1/1) D:7            Lair (0/5) D:10
    Orc (1/2) D:10          Sewer (visited)

Altars:
Ashenzari
Cheibriados
Dithmenos
Elyvilon
Fedhas
Gozag
Hepliaklqana
Kikubaaqudgha
Makhleb
Nemelex Xobeh
Okawaru
Qazlal
Ru
Sif Muna
Trog
Uskayaw
Vehumet
Wu Jian
Xom
Yredelemnul
Zin
The Shining One

Shops:
D:2 *   D:7 *   D:9 **

Annotations:
D:6 2 transporters
D:10 1 runed translucent door, Heoruswealwe's ghost, journeyman DESu


Innate Abilities, Weirdness & Mutations

You have a pair of horns on your head.
You reflexively headbutt those who attack you in melee.


Message History

The orc warrior is severely wounded.
You hit the orc warrior. You closely miss the orc warrior.
The orc warrior is severely wounded.
You barely miss the orc warrior.
The orc warrior hits you with a +2 battleaxe of flaming.
* * * LOW HITPOINT WARNING * * *
The orc warrior burns you.
* * * LOW HITPOINT WARNING * * *
The orc warrior hits you with a +0 war axe.
* * * LOW HITPOINT WARNING * * *
You closely miss the orc warrior.
The orc warrior is severely wounded.
You barely miss the orc warrior.
The orc warrior hits you with a +2 battleaxe of flaming.
* * * LOW HITPOINT WARNING * * *
The orc warrior burns you.
* * * LOW HITPOINT WARNING * * *
The orc warrior hits you with a +0 war axe.
* * * LOW HITPOINT WARNING * * *
You barely miss the orc warrior.
The orc warrior is severely wounded.
You barely miss the orc warrior. You block the orc warrior's attack.
The orc warrior hits you but does no damage.
Unknown command.
You slash the orc warrior!
You kill the orc warrior!
Okawaru accepts your kill.
You barely miss the orc warrior.
The orc warrior hits you with a +0 war axe!
* * * LOW HITPOINT WARNING * * *
Your Dodging skill increases to level 7!
You hit the orc warrior.
The orc warrior is moderately wounded.
The orc warrior hits you with a +0 war axe.
* * * LOW HITPOINT WARNING * * *
You hit the orc warrior. Your headbutt misses the orc warrior.
The orc warrior is heavily wounded.
The orc warrior hits you with a +0 war axe!
You die...

#.##..####..............(######.#
.........................# ###.#
####..#####<.......####..# #.#.#
...........#...###.# #..# #.#.#
####...........###.# #..# #.#.#
#.......#....#############.#.#
#.##.##.#......8#.....#......#
####.##.##.#.....(.#.....#......#
...(....##.#....@).'.._..####.#.#
.....##.##.....o)..#.....# #.#.#
.###.##.#####...))8#.....# #.#.#
.....##.####...##)######## #(#.#
..##.##........##[[.# #.# #.#.#
.....##.(......###..# #.# #.#.#
P.##.##.#####.## #..###.# #.###
...#.##.# #.####....#.# #.#
..##.##.# #[..........# #.#


You could see an orc warrior.

Vanquished Creatures
  2 two-headed ogres (D:9)
  An orc high priest (D:10)
  A cyclops (D:10)
  2 komodo dragons (D:10)
  A kobold demonologist (D:9)
  2 trolls (D:9)
  Grinder (D:3)
  2 hornets
  21 yaks
  3 vampire mosquitoes (D:10)
  A steam dragon (D:8)
  Menkaure (D:7)
  A warg (D:10)
  An acid dragon (D:9)
  A sky beast (D:7)
  A black bear (D:10)
  5 orc warriors (D:10)
  2 ice beasts
  An ogre (D:7)
  6 centaurs
  2 phantoms
  A kobold brigand (D:7)
  3 gnoll sergeants
  5 bullfrogs
  2 necrophages (D:6)
  6 scorpions
  10 wights
  4 howler monkeys
  4 hounds (D:5)
  2 jellies
  4 orc priests
  5 iguanas
  Crazy Yiuf (D:2)
  Jessica (D:3)
  Natasha (thrice) (D:2)
  5 orc wizards
  Robin (D:2)
  15 gnolls
  12 adders
  2 river rats (Sewer)
  A shadow imp (D:7)
  2 white imps (D:7)
  An ufetubus (D:5)
  5 worms
  A dart slug (D:2)
  42 orcs
  6 bats
  5 endoplasms
  19 goblins
  15 hobgoblins
  12 jackals
  9 ball pythons
  7 frilled lizards
  8 kobolds
  12 rats
289 creatures vanquished.

Vanquished Creatures (others)
  9 fungi (D:10)
  18 plants
27 creatures vanquished.

Grand Total: 316 creatures vanquished

Notes
Turn   | Place    | Note
-------+----------+-------------------------------------------
     0 | D:1      | EarthwalkerPL the Minotaur Fighter began the quest for the
                  | Orb.
     0 | D:1      | Reached XP level 1. HP: 19/19 MP: 0/0
   131 | D:1      | Found a faded altar of an unknown god.
   137 | D:1      | Reached XP level 2. HP: 20/27 MP: 1/1
   317 | D:1      | Reached skill level 4 in Armour
  1002 | D:2      | Reached XP level 3. HP: 30/33 MP: 2/2
  1155 | D:2      | Noticed Natasha
  1162 | D:2      | Killed Natasha
  1163 | D:2      | Reached skill level 1 in Dodging
  1163 | D:2      | Reached XP level 4. HP: 41/41 MP: 3/3
  1210 | D:2      | Found an ornate altar of the Wu Jian Council.
  1285 | D:2      | Noticed Robin
  1312 | D:2      | Killed Robin
  1595 | D:2      | Found Hyutat's Assorted Antiques.
  1599 | D:2      | Noticed Natasha
  1605 | D:2      | Killed Natasha
  1741 | D:2      | Found a runed translucent door.
  1742 | D:2      | Noticed Crazy Yiuf
  1829 | D:2      | Noticed Natasha
  1835 | D:2      | Reached XP level 5. HP: 42/42 MP: 4/4
  1844 | D:2      | Killed Natasha
  2388 | D:2      | Killed Crazy Yiuf
  2600 | D:3      | Noticed Jessica
  2607 | D:3      | Killed Jessica
  2608 | D:3      | Reached skill level 5 in Fighting
  2608 | D:3      | Reached skill level 5 in Armour
  2633 | D:3      | Found a hazy altar of Hepliaklqana.
  2633 | D:3      | Noticed Grinder
  2649 | D:3      | Paralysed by Grinder for 2 turns
  2667 | D:3      | Killed Grinder
  2668 | D:3      | Reached XP level 6. HP: 31/56 MP: 5/5
  2830 | D:3      | Found a broken altar of Ashenzari.
  3049 | D:3      | Reached skill level 5 in Axes
  3211 | D:3      | Reached XP level 7. HP: 36/62 MP: 6/6
  3895 | D:4      | Reached skill level 5 in Shields
  4437 | D:5      | Entered Level 5 of the Dungeon
  4448 | D:4      | Reached skill level 6 in Armour
  4707 | D:5      | Reached XP level 8. HP: 44/71 MP: 7/7
  4754 | D:5      | Found a glowing drain.
  4770 | Sewer    | Entered a sewer
  5334 | D:5      | Reached skill level 7 in Armour
  6202 | D:6      | Found a transporter.
  6277 | D:6      | Found a transporter.
  6518 | D:6      | Found a sacrificial altar of Ru.
  6777 | D:6      | Reached XP level 9. HP: 17/81 MP: 8/8
  6779 | D:6      | Reached skill level 8 in Armour
  7167 | D:7      | Found a hide-covered altar of Uskayaw.
  7173 | D:7      | Found a burning altar of Makhleb.
  7176 | D:7      | Found an ancient bone altar of Kikubaaqudgha.
  7176 | D:7      | Found a glowing golden altar of the Shining One.
  7183 | D:7      | Found a blossoming altar of Fedhas.
  7484 | D:7      | Noticed Menkaure
  7499 | D:7      | Killed Menkaure
  7534 | D:7      | Found a staircase to the Ecumenical Temple.
  7551 | Temple   | Entered the Ecumenical Temple
  7646 | Temple   | Became a worshipper of Warmaster Okawaru
  8202 | D:7      | Found Exeon's General Store.
  8407 | D:7      | Reached skill level 9 in Armour
  8728 | D:8      | Reached * piety under Okawaru
  8782 | D:8      | Reached skill level 5 in Dodging
  8930 | D:8      | Found a shadowy altar of Dithmenos.
  8933 | D:8      | Found a shimmering blue altar of Sif Muna.
  9211 | D:8      | Reached XP level 10. HP: 83/91 MP: 9/9
  9785 | D:9      | Found Vesurula's General Store.
  9789 | D:9      | Found Cuoc's Specific Store.
  9800 | D:9      | Identified a scroll of acquirement
  9805 | D:9      | Acquired a manual of Armour
  9821 | D:9      | Reached ** piety under Okawaru
  9969 | D:9      | Reached skill level 10 in Armour
  9982 | D:9      | Reached skill level 10 in Fighting
 10654 | D:9      | Noticed a two-headed ogre
 10666 | D:9      | Reached skill level 10 in Axes
 10666 | D:9      | Reached skill level 11 in Armour
 10680 | D:9      | Reached *** piety under Okawaru
 10684 | D:9      | Noticed a two-headed ogre
 10695 | D:9      | Killed a two-headed ogre
 10951 | D:10     | Entered Level 10 of the Dungeon
 10951 | D:10     | Found a runed translucent door.
 10951 | D:10     | Found a staircase to the Orcish Mines.
 10953 | D:10     | Noticed Heoruswealwe's ghost (journeyman DESu)
 10985 | D:9      | Killed a two-headed ogre
 11110 | D:10     | Reached **** piety under Okawaru
 11111 | D:10     | Reached skill level 12 in Armour
 11111 | D:10     | Reached XP level 11. HP: 79/101 MP: 10/10
 11761 | D:10     | Paralysed by a hornet for 3 turns
 11978 | D:10     | Reached ***** piety under Okawaru
 12153 | D:10     | Reached skill level 13 in Armour
 12581 | D:10     | Found a staircase to the Lair.
 12727 | Orc:1    | Entered Level 1 of the Orcish Mines
 12728 | Orc:1    | Noticed an orc high priest
 12739 | D:10     | Noticed a sixfirhy
 12742 | D:10     | Killed an orc high priest
 13050 | D:10     | Received a gift from Okawaru
 13059 | D:10     | Slain by an orc warrior

Illustrated notes

Levels and vault maps discovered:
D:1:      giann_wishing_wells, layout_basic, ebering_ecumenical_altar_webs
D:2:      layout_basic, serial_shops, shop, basic_altar, serial_bayou_crossing,
          uniq_robin, uniq_crazy_yiuf_cottage, uniq_natasha
D:3:      layout_rooms, mainiacjoe_overflow_alcove_2, ashenzari_altar_1,
          uniq_jessica, uniq_grinder
D:4:      layout_gridville
D:5:      minmay_recursive_quarters, layout_rooms, cheibrodos_sewer_entry_bend
D:6:      gammafunk_cloud_chamber, layout_basic,
          nicolae_ru_the_path_less_chosen, minmay_tree_intersection,
          grunt_ministairs_14
D:7:      layout_loops_corners, nicolae_overflow_hallway_of_the_gods,
          minmay_temple_entry_glass, serial_shops, nicolae_lakefront_shop,
          uniq_menkaure
D:8:      layout_loops_ring, nicolae_overflow_hidden_temple
D:9:      minmay_spotlight, layout_loops_ring, nicolae_specific_store
D:10:     layout_basic, grunt_lair_entry_orc_guard_hut,
          minmay_orc_entry_temple_small, hellmonk_ghost_big_iron
Temple:   nicolae_temple_hex_pool
Orc:1:    layout_diamond_mine, serial_shops, shop

Skill      XL: |  1  2  3  4  5  6  7  8  9 10 11 |
---------------+----------------------------------+-----
Armour         | 4 5 6 7 9 12 13 | 13.5
Axes           | 3 4 5 6 7 9 10 11 | 11.5
Fighting       | 4 5 6 7 9 10 11 | 11.8
Dodging        | 1 2 3 4 5 6 7 |  7.0
Shields        | 4 5 6 7 8 |  8.8

Action                   |  1- 3 |  4- 6 |  7- 9 | 10-12 || total
-------------------------+-------+-------+-------+-------++-------
Melee: War axe           |    61 |   114 |   299 |   214 ||   688
       Headbutt          |     5 |    11 |    59 |    53 ||   128
Throw: Dart              |       |       |     3 |    10 ||    13
       Boomerang         |       |       |       |     3 ||     3
  Use: Scroll            |       |       |       |    11 ||    11
Armor: Scale mail        |    42 |    31 |       |       ||    73
       Plate armour      |       |    31 |   198 |   119 ||   348
Dodge: Dodged            |    33 |    35 |    98 |    88 ||   254
Block: Buckler           |    24 |    23 |    72 |    61 ||   180
